AoeStats
← RedPhosphoru

Arabian Desert

509454716Analyzed
1v1 RM · 6d ago on Sep 26, 2026· 34m 58s· 2 players
Game mode
Random Map
Map size
Tiny (2 player)
Population
200
Speed
Normal
Resources
Standard
Victory
Conquest
Starting age
Dark Age
Ending age
Imperial Age
RankedLock teamsTeams togetherTeam positionsShared explorationLock speedFull tech treeHidden civsTurbo modeCheats
Victory
Defeat
🇷🇺 Sicilians · Russia
2625
+13
🇺🇸 Saxons · United States
2567
-13
RedPhosphoru
7:50 Loom
10:18 Feudal Age
14:31 Castle Age
28:41 Fletching
30:17 Redemption
Dark
6:56 Loom
9:05 Feudal Age
9:50 Double-Bit Axe
10:20 Horse Collar
20:30 Castle Age
25:40 Scale Mail Armor
29:14 Squires
32:18 Wheelbarrow
32:59 Forging
Connection lost

Rejoining the realm…

Still unreachable

The connection could not be restored.

Session expired

The server has moved on; the page needs a fresh start.